[Event "1st GM Brena Baja-La Palma 2019"]
[Site "La Palma"]
[Date "2019.03.29"]
[Round "2.3"]
[White "Hernandez Leon, Alberto"]
[Black "Herrera Reyes, Jose Antonio"]
[Result "1/2-1/2"]
[ECO "C42"]
[WhiteElo "2280"]
[BlackElo "2324"]
[Annotator "NA"]
[PlyCount "54"]
[EventDate "2019.03.23"]
[EventType "tourn"]
[EventCountry "ESP"]
[SourceTitle "playchess.com"]
[Source "ChessBase"]
[SourceQuality "1"]
[TimeControl "5400+30"]

1. e4 e5 2. Nf3 Nf6 3. Nxe5 d6 4. Nf3 Nxe4 5. Nc3 Nxc3 6. dxc3 Be7 7. Bf4 Be6 8. Qd2 Nc6 9. Nd4 Nxd4 10. cxd4 d5 11. Bd3 Bd6 12. O-O O-O 13. Rfe1 c6 14. c3 Qc7 15. Bxd6 Qxd6 16. Qg5 h6 17. Qe5 Rad8 18. Qxd6 Rxd6 19. Re3 Re8 20. Rae1 Kf8 21. f4 Bd7 22. g3 Rxe3 23. Rxe3 Re6 24. Rxe6 Bxe6 25. Kf2 f6 26. Ke3 Ke7 27. f5 Bf7 1/2-1/2

[Event "1st GM Brena Baja-La Palma 2019"]
[Site "La Palma"]
[Date "2019.03.30"]
[Round "3.3"]
[White "Herrera Reyes, Jose Antonio"]
[Black "Napoli, Nicolo"]
[Result "0-1"]
[ECO "A07"]
[WhiteElo "2324"]
[BlackElo "2321"]
[Annotator "NA"]
[PlyCount "118"]
[EventDate "2019.03.23"]
[EventType "tourn"]
[EventCountry "ESP"]
[SourceTitle "playchess.com"]
[Source "ChessBase"]
[SourceQuality "1"]
[TimeControl "5400+30"]

1. Nf3 Nf6 2. g3 d5 3. Bg2 c6 4. d3 Bf5 5. O-O e6 6. c3 {[%emt 0:05:36] A07: Réti Opening: New York and Capablanca Systems} (6. b3 h6 7. Bb2 Be7 8. Nbd2 O-O 9. c4 a5 10. a3 Bh7 11. Qc2 Na6 12. Ne5 Nd7 13. Nxd7 Qxd7 14. Nf3 Rfc8 15. Bc3 Qd8 16. Qb2 Bf6 17. Ne5 Nc5 18. Bd4 Qd6 19. f4 dxc4 20. dxc4 Nxb3 21. Qxb3 Qxd4+ {0-1 (49) Caruana,F (2808)-Grischuk,A (2761) Paris 2017}) 6... Be7 7. Qb3 Qb6 8. Be3 Qa6 9. a4 $146 ({Predecessor:} 9. h3 h6 10. a4 Nbd7 11. Nbd2 Bc5 12. Bxc5 Nxc5 13. Qa3 b6 {1-0 (64) Levay,S (2217)-Kristofori,A (2082) Corund 2016}) 9... Nbd7 10. Qc2 O-O 11. b4 Ng4 12. Bd2 c5 13. b5 Qd6 14. e4 Bg6 15. exd5 c4 16. Ne1 Nge5 17. Qa2 exd5 18. d4 Ng4 19. h3 Ngf6 20. Bf4 Qb6 21. Nd2 Rfe8 22. a5 Qxb5 23. Nc2 Bf8 24. Ne3 Bd3 25. Rfc1 Rac8 26. g4 Ne4 27. Nf3 Qc6 28. Qa4 Ndf6 29. Ne5 $15 Qe6 30. Qd1 Bd6 31. f3 Nc5 32. Bh2 Nb3 33. g5 Nxc1 34. Rxc1 Nd7 35. f4 Nxe5 36. fxe5 Ba3 37. Ra1 Bb2 38. Nxd5 Bxa1 39. Qxa1 Qf5 40. Qe1 Qxg5 41. h4 Qg4 42. Bf4 Rc6 43. Qf2 Rg6 44. Bg5 h6 45. Ne3 Qd7 46. Bf4 Be4 47. h5 Rxg2+ 48. Nxg2 Qg4 49. Bg3 Qxh5 50. Qe3 Qd1+ 51. Ne1 Bd5 52. Qf4 Re6 53. Qh4 Rg6 54. Kf1 Kh7 55. Qf4 b6 56. a6 b5 57. Kf2 b4 58. cxb4 c3 59. Qe3 Qd2+ 0-1

[Event "1st GM Brena Baja-La Palma 2019"]
[Site "La Palma"]
[Date "2019.03.30"]
[Round "4.4"]
[White "Alvarado Diaz, Alejandro"]
[Black "Herrera Reyes, Jose Antonio"]
[Result "1/2-1/2"]
[ECO "C67"]
[WhiteElo "2399"]
[BlackElo "2324"]
[Annotator "ChessBase"]
[PlyCount "83"]
[EventDate "2019.03.23"]
[EventType "tourn"]
[EventCountry "ESP"]
[SourceTitle "playchess.com"]
[Source "ChessBase"]
[SourceQuality "1"]
[TimeControl "5400+30"]

1. e4 e5 2. Nf3 Nc6 3. Bb5 Nf6 4. O-O Nxe4 5. d4 Nd6 6. Bxc6 dxc6 7. dxe5 Nf5 8. Qxd8+ Kxd8 9. Nc3 Bd7 10. h3 b6 11. Bf4 Kc8 12. Rad1 h6 13. Bh2 a5 14. g4 Ne7 15. Nd4 h5 16. e6 fxe6 17. Rfe1 hxg4 18. hxg4 Rh6 19. g5 Rh5 20. Nxe6 Bxe6 21. Rxe6 Rxg5+ 22. Kf1 Rf5 23. a4 Rb8 24. Rd3 Rf7 25. Kg2 b5 26. axb5 cxb5 27. Ra6 b4 28. Nd5 Nxd5 29. Rxd5 b3 30. c3 Ba3 31. Re6 Re7 32. Rxe7 Bxe7 33. Rxa5 Kd7 34. Be5 Bd6 35. Bd4 Bf4 36. Kf3 Bc1 37. c4 g5 38. Ke4 Rf8 39. Rd5+ Kc6 40. Rc5+ Kd7 41. Rd5+ Kc6 42. Rc5+ {[%emt 0:00:05] Kd5+ [%emt 00:00:17]} 1/2-1/2

[Event "1st GM Brena Baja-La Palma 2019"]
[Site "La Palma"]
[Date "2019.03.31"]
[Round "5.2"]
[White "Herrera Reyes, Jose Antonio"]
[Black "Juhasz, Armin"]
[Result "1/2-1/2"]
[ECO "A12"]
[WhiteElo "2324"]
[BlackElo "2375"]
[Annotator "ChessBase"]
[PlyCount "114"]
[EventDate "2019.03.23"]
[EventType "tourn"]
[EventCountry "ESP"]
[SourceTitle "playchess.com"]
[Source "ChessBase"]
[SourceQuality "1"]
[TimeControl "5400+30"]

1. Nf3 d5 2. g3 Bg4 3. Bg2 Nd7 4. O-O c6 5. d3 Ngf6 6. c4 e6 7. Nbd2 Bd6 8. a3 a5 9. b3 O-O 10. Bb2 Qe7 11. Qc2 e5 12. e3 Rfe8 13. Rfe1 h6 14. Nh4 Qe6 15. Rac1 Bh3 16. Bh1 Qg4 17. e4 dxe4 18. dxe4 Qe6 19. Nf1 Bc5 20. Ne3 Ng4 21. Nxg4 Bxg4 22. Nf5 Nf8 23. Ne3 Ng6 24. Qc3 Bd4 25. Qc2 Bc5 26. Qc3 Bd4 27. Qc2 Bc5 28. Qc3 Bd4 29. Qd2 Red8 30. Bc3 a4 31. Bxd4 Rxd4 32. Qb4 axb3 33. Qxb3 Rd7 34. Nxg4 Qxg4 35. Bf3 Qe6 36. Rcd1 Rad8 37. Rxd7 Rxd7 38. Kg2 Qe7 39. Bg4 Rd2 40. Rb1 Qc5 41. Qf3 b6 42. Bh5 Rd6 43. Qb3 Rd2 44. Qxb6 Qxc4 45. Qe3 Rd3 46. Rc1 Rxe3 47. Rxc4 Rxa3 48. Rxc6 Nf8 49. Rc7 g6 50. Be2 Ne6 51. Rc8+ Kg7 52. Bc4 Kf6 53. Bd5 Ra6 54. Rc3 Kg7 55. h4 h5 56. Rb3 Nc7 57. Bc4 Rc6 1/2-1/2

[Event "1st GM Brena Baja-La Palma 2019"]
[Site "La Palma"]
[Date "2019.03.31"]
[Round "5.4"]
[White "De Verdier, Michael"]
[Black "Napoli, Nicolo"]
[Result "1/2-1/2"]
[ECO "B13"]
[WhiteElo "2306"]
[BlackElo "2321"]
[Annotator "NA"]
[PlyCount "92"]
[EventDate "2019.03.23"]
[EventType "tourn"]
[EventCountry "ESP"]
[SourceTitle "playchess.com"]
[Source "ChessBase"]
[SourceQuality "1"]
[TimeControl "5400+30"]

1. e4 c6 2. Nf3 g6 3. d4 Bg7 4. c3 d5 5. exd5 cxd5 6. Bd3 {[%emt 0:00:41] LiveBook: 26 Games} Nc6 7. O-O Qc7 {[%emt 0:03:20] B13: Caro-Kann: Exchange Variation and Panov-Botvinnik Attack} 8. Re1 Nf6 9. Nbd2 O-O 10. Nf1 a6 (10... Bg4 11. h3 Bxf3 12. Qxf3 e5 13. dxe5 Nxe5 14. Qd1 Nxd3 15. Qxd3 Qc6 16. Be3 Ne4 17. Bd4 {½-½ (45) Karjakin,S (2773)-Vachier Lagrave,M (2779) Saint Louis 2018}) 11. a4 Rb8 $146 ({Predecessor:} 11... Bg4 12. Be2 e6 13. Ng3 Nh5 14. Nxh5 Bxh5 15. g3 Na5 16. Bf4 Qb6 17. Ne5 Bxe2 18. Rxe2 {½-½ (30) Tong,K (2049)-Lodes,H (2169) Fuerth 2016}) 12. g3 Nh5 13. Be2 Bf6 14. Ne5 Ng7 15. Ne3 Qd8 16. Bf3 Bxe5 17. dxe5 d4 18. Nd5 dxc3 19. bxc3 Be6 20. Bg5 Bxd5 21. Bxd5 Na5 22. e6 f6 23. Bf4 Rc8 24. Qd3 Nb3 25. Rad1 Nc5 26. Qf3 Qb6 27. Be3 Nf5 28. Bxc5 Rxc5 29. Rb1 Qa5 30. c4 Nd6 31. Qb3 Rfc8 32. Qb6 Kg7 33. Bxb7 Qxb6 34. Rxb6 Rb8 35. Reb1 Rxc4 36. Bc6 Rc1+ 37. Rxc1 Rxb6 38. Bd7 a5 39. Rc5 Ra6 40. Rc7 f5 41. Bb5 Nxb5 42. Rxe7+ Kf6 43. axb5 Rb6 $11 44. Rxh7 Kxe6 45. Ra7 Rxb5 46. Ra6+ Kf7 1/2-1/2